Rampage vs Little Stars
(R1)
Created - March 8, 2023 at 19:06
Goals
|
| Rampage |
1 |
1 |
1 |
3 |
| Little Stars |
1 |
1 |
2 |
4 |
|
Shots
|
| Rampage |
9 |
21 |
6 |
36 |
| Little Stars |
13 |
7 |
12 |
32 |
|
1st period
1. Little Stars , Jordan LaVallee 21 (Daniel O'regan 53) at 3:40
2. Rampage , T.J. Tynan 9 (Jordan Kyrou 30, Travis Sanheim 46) at 17:59
Penalties :
No Penalty
2nd period
3. Little Stars , Henrik Borgstrom 22 (Eric Knodel 13) at 8:43
4. Rampage , Jordan Kyrou 27 (Connor Murphy 5, Ethan Bear 31) at 11:02
Penalties :
Daniel O'regan (Tex) for Interference (Minor) at 3:26, Ethan Bear (San) for Hooking (Minor) at 8:48, Eric Knodel (Tex) for Slashing (Minor) at 12:37, Matt Luff (Tex) for Hooking (Minor) at 19:10
3rd period
5. Rampage , Rourke Chartier 31 (Dominik Simon 40, Jordan Kyrou 31) at 1:20
6. Little Stars , Daniel O'regan 30 (Jordan LaVallee 28, Ilya Mikheyev 39) at 17:51
7. Little Stars , Ilya Mikheyev 22 (Daniel O'regan 54, Tucker Poolman 13) at 18:44
Penalties :
Matt Luff (Tex) for Roughing (Minor) at 2:08, Pierre-Luc Dubois (San) for Holding (Minor) at 9:29, Ethan Bear (San) for Cross-checking (Minor) at 11:59, Ethan Bear (San) for Interference (Minor) at 18:47
Goalie Stats
Jake Oettinger (San), 28 saves from 32 shots - (0.875), L, 21-12-2, 60:00 minutes
Michael Houser (Tex), 33 saves from 36 shots - (0.917), W, 11-12-6, 60:00 minutes
Players Stats for Rampage
Player Name G A P +/- PIM S H SB GA TA FO MP PP MP PK MP
------------------------------------------------------------------------------------
Anthony Richard 0 0 0 -2 0 1 0 0 1 0 7/9 12:59 0:00 2:31
Artturi Lehkonen 0 0 0 0 0 2 1 0 0 0 0/0 12:35 3:09 2:21
Christian Dvorak 0 0 0 0 0 7 1 1 0 0 2/2 16:01 3:09 0:58
Collin Miller 0 0 0 -2 0 0 0 0 0 1 0/0 15:22 0:00 4:57
Connor Murphy 0 1 1 -1 0 2 2 0 0 1 0/0 12:23 0:00 1:26
Dominik Simon 0 1 1 1 0 1 1 2 1 0 1/3 20:06 4:47 0:00
Dylan Blujus 0 0 0 0 0 0 1 3 0 0 0/0 23:41 2:44 3:58
Dylan Sikura 0 0 0 0 0 2 1 0 0 0 0/0 9:13 0:00 0:35
Emil Bemstrom 0 0 0 -2 0 1 0 0 0 0 0/0 10:34 0:01 0:00
Ethan Bear 0 1 1 1 6 2 1 0 0 0 0/0 25:57 5:12 0:46
Jean-Sebastien Dea 0 0 0 0 0 1 1 0 0 0 0/1 8:04 0:00 0:00
Jordan Kyrou 1 2 3 1 0 5 1 1 1 0 1/1 20:30 4:46 0:00
Matt Roy 0 0 0 -1 0 0 0 0 0 0 0/0 20:09 2:44 3:11
Pierre Engvall 0 0 0 -2 0 0 1 1 0 0 0/0 15:54 0:00 3:49
Pierre-Luc Dubois 0 0 0 0 2 0 0 0 1 0 0/1 7:18 0:00 0:00
Rourke Chartier 1 0 1 1 0 5 1 0 0 0 11/29 20:49 4:47 0:23
T.J. Tynan 1 0 1 0 0 3 3 0 0 1 11/18 18:24 3:09 3:41
Travis Sanheim 0 1 1 1 0 4 4 1 0 2 0/0 22:48 5:12 0:00
Players Stats for Little Stars
Player Name G A P +/- PIM S H SB GA TA FO MP PP MP PK MP
------------------------------------------------------------------------------------
Adam Tambellini 0 0 0 0 0 5 1 0 0 0 1/1 18:11 3:46 2:41
Alex Belzile 0 0 0 0 0 3 1 1 0 0 2/2 15:30 3:46 0:00
Connor Mackey 0 0 0 0 0 0 0 0 0 0 0/0 11:51 0:00 1:19
Daniel O'regan 1 2 3 3 2 2 1 0 0 0 11/25 20:17 3:23 1:24
Emile Poirier 0 0 0 0 0 2 1 0 0 0 0/0 8:19 0:00 1:15
Eric Knodel 0 1 1 -1 2 1 2 3 0 1 0/0 27:17 3:53 4:12
Henrik Borgstrom 1 0 1 0 0 3 2 1 1 0 8/17 15:30 3:46 0:00
Ilya Mikheyev 1 1 2 2 0 4 2 1 0 1 2/3 23:58 3:23 4:54
Jason Dickinson 0 0 0 -1 0 0 1 0 1 0 3/6 10:55 0:00 0:30
Joakim Nygard 0 0 0 -1 0 3 0 0 1 0 0/0 10:47 0:00 0:14
Jordan LaVallee 1 1 2 2 0 2 2 1 0 0 2/5 23:59 3:23 4:54
Justin Auger 0 0 0 0 0 0 1 0 0 0 0/0 6:56 0:00 0:00
Matt Luff 0 0 0 -2 4 0 2 0 0 0 1/1 10:37 0:00 0:00
Reece Willcox 0 0 0 2 0 2 0 3 0 0 0/0 20:56 3:16 2:25
Roman Horak 0 0 0 0 0 3 1 0 0 0 1/4 6:56 0:00 0:00
Tucker Poolman 0 1 1 2 0 0 1 1 0 0 0/0 20:54 3:16 2:23
Ville Pokka 0 0 0 0 0 0 3 2 0 2 0/0 11:15 0:00 0:00
Wiley Sherman 0 0 0 -1 0 2 0 1 2 0 0/0 27:51 3:53 5:33
3 Stars
1 - Daniel O'regan (Tex)
2 - Jordan LaVallee (Tex)
3 - Ilya Mikheyev (Tex)
Power Play
Rampage - 0 on 5 Attempt(s) - 0.00%
Little Stars - 0 on 4 Attempt(s) - 0.00%
Penalty Kill
Rampage - 4 on 4 Attempt(s) - 100.00%
- Score 0 goal in Penalty Kill
Little Stars - 5 on 5 Attempt(s) - 100.00%
- Score 0 goal in Penalty Kill
Team Stat
Rampage - Hits : 19 - Faceoff Wins : 33 - Blocked Shots : 9 - Penalty Minutes : 8
Little Stars - Hits : 21 - Faceoff Wins : 31 - Blocked Shots : 14 - Penalty Minutes : 8
Official
Referees : Brad Meier and Kyle Rehman
Linesman : Travis Toomey and Bryan Pancich
Game Notes
7:10 of 2nd period - Penalty Shot by Wiley Sherman for Little Stars - Shot Misses the Net
Dylan Sikura is injured at 17:26 of 2nd period (Bruised Left Shoulder)
Finance
Level 1 -- Attendance: 1792 (89.60%) -- Ticket Income $62,720
Level 2 -- Attendance: 932 (93.20%) -- Ticket Income $13,980
Total Attendance: 2724 (90.80%)
Total Ticket Income: $76,700
Other Income: $3,835
Total Income: $80,535
Rampage
5 vs 5 Forward
Center Left Wing Right Wing Time % Phy DF OF
1 Rourke Chartier Dominik Simon Jordan Kyrou 40 1 2 2
2 T.J. Tynan Christian Dvorak Dylan Sikura 30 1 2 2
3 Anthony Richard Pierre Engvall Emil Bemstrom 20 1 2 2
4 Jean-Sebastien Dea Pierre-Luc Dubois Artturi Lehkonen 10 1 2 2
5 vs 5 Defense
Defense Defense Time % Phy DF OF
1 Travis Sanheim Ethan Bear 40 1 2 2
2 Dylan Blujus Matt Roy 30 1 2 2
3 Connor Murphy Collin Miller 20 1 2 2
4 Dylan Blujus Ethan Bear 10 1 2 2
PowerPlay Forward
Center Left Wing Right Wing Time % Phy DF OF
1 Rourke Chartier Dominik Simon Jordan Kyrou 60 1 2 2
2 T.J. Tynan Christian Dvorak Artturi Lehkonen 40 1 2 2
PowerPlay Defense
Defense Defense Time % Phy DF OF
1 Travis Sanheim Ethan Bear 60 1 2 2
2 Matt Roy Dylan Blujus 40 1 2 2
Penalty Kill 4 Players Forward
Center Wing Time % Phy DF OF
1 T.J. Tynan Pierre Engvall 60 1 2 2
2 Anthony Richard Dylan Sikura 40 1 2 2
Penalty Kill 4 Players Defense
Defense Defense Time % Phy DF OF
1 Collin Miller Dylan Blujus 60 1 2 2
2 Matt Roy Ethan Bear 40 1 2 2
Penalty Kill - 3 Players Forward
Forward Time % Phy DF OF
1 Anthony Richard 60 1 2 2
2 T.J. Tynan 40 1 2 2
Penalty Kill - 3 Players Defense
Defense Defense Time % Phy DF OF
1 Connor Murphy Collin Miller 60 1 2 2
2 Dylan Blujus Ethan Bear 40 1 2 2
4 vs 4 Forward
Center Wing Time % Phy DF OF
1 T.J. Tynan Pierre Engvall 60 1 2 2
2 Jean-Sebastien Dea Christian Dvorak 40 1 2 2
4 vs 4 Defense
Defense Defense Time % Phy DF OF
1 Matt Roy Connor Murphy 60 1 2 2
2 Dylan Blujus Travis Sanheim 40 1 2 2
Last Minutes Offensive
Center Left Wing Right Wing Defense Defense
Rourke Chartier Dominik Simon Jordan Kyrou Travis Sanheim Ethan Bear
Last Minutes Defensive
Center Left Wing Right Wing Defense Defense
T.J. Tynan Pierre Engvall Dylan Sikura Connor Murphy Dylan Blujus
Goaltenders
Starting : Jake Oettinger
Backup : Magnus Hellberg
Extra Forwards
Normal : Pierre Engvall, T.J. Tynan, Jean-Sebastien Dea - PP : T.J. Tynan, Rourke Chartier - PK : Artturi Lehkonen
Extra Defensemen
Normal : Ethan Bear, Dylan Blujus, Travis Sanheim - PP : Connor Murphy - PK : Collin Miller, Matt Roy
Penalty Shots
Jordan Kyrou, Rourke Chartier, Anthony Richard, Artturi Lehkonen, Dylan Sikura
Scratches
Adam Clendening (Healthy), Joachim Blichfeld (Abdominal Strain Injury), Frederic Allard (Healthy), Trent Frederic (Healthy), Emil Larmi (Healthy)
Little Stars
5 vs 5 Forward
Center Left Wing Right Wing Time % Phy DF OF
1 Daniel O'regan Jordan LaVallee Ilya Mikheyev 40 1 2 2
2 Henrik Borgstrom Adam Tambellini Alex Belzile 30 1 2 2
3 Jason Dickinson Joakim Nygard Matt Luff 20 1 2 2
4 Roman Horak Emile Poirier Justin Auger 10 1 2 2
5 vs 5 Defense
Defense Defense Time % Phy DF OF
1 Wiley Sherman Eric Knodel 40 1 2 2
2 Reece Willcox Tucker Poolman 30 1 2 2
3 Ville Pokka Connor Mackey 20 1 2 2
4 Wiley Sherman Eric Knodel 10 1 2 2
PowerPlay Forward
Center Left Wing Right Wing Time % Phy DF OF
1 Daniel O'regan Jordan LaVallee Ilya Mikheyev 60 1 2 2
2 Henrik Borgstrom Adam Tambellini Alex Belzile 40 1 2 2
PowerPlay Defense
Defense Defense Time % Phy DF OF
1 Wiley Sherman Eric Knodel 60 1 2 2
2 Reece Willcox Tucker Poolman 40 1 2 2
Penalty Kill 4 Players Forward
Center Wing Time % Phy DF OF
1 Jordan LaVallee Ilya Mikheyev 60 1 2 2
2 Adam Tambellini Daniel O'regan 40 1 2 2
Penalty Kill 4 Players Defense
Defense Defense Time % Phy DF OF
1 Wiley Sherman Eric Knodel 60 1 2 2
2 Reece Willcox Tucker Poolman 40 1 2 2
Penalty Kill - 3 Players Forward
Forward Time % Phy DF OF
1 Jordan LaVallee 60 1 2 2
2 Ilya Mikheyev 40 1 2 2
Penalty Kill - 3 Players Defense
Defense Defense Time % Phy DF OF
1 Wiley Sherman Eric Knodel 60 1 2 2
2 Reece Willcox Tucker Poolman 40 1 2 2
4 vs 4 Forward
Center Wing Time % Phy DF OF
1 Jordan LaVallee Ilya Mikheyev 60 1 2 2
2 Adam Tambellini Daniel O'regan 40 1 2 2
4 vs 4 Defense
Defense Defense Time % Phy DF OF
1 Wiley Sherman Eric Knodel 60 1 2 2
2 Reece Willcox Tucker Poolman 40 1 2 2
Last Minutes Offensive
Center Left Wing Right Wing Defense Defense
Daniel O'regan Jordan LaVallee Ilya Mikheyev Wiley Sherman Eric Knodel
Last Minutes Defensive
Center Left Wing Right Wing Defense Defense
Daniel O'regan Jordan LaVallee Ilya Mikheyev Wiley Sherman Eric Knodel
Goaltenders
Starting : Michael Houser
Backup : Connor Knapp
Extra Forwards
Normal : Joakim Nygard, Jason Dickinson, Emile Poirier - PP : Joakim Nygard, Jason Dickinson - PK : Emile Poirier
Extra Defensemen
Normal : Ville Pokka, Connor Mackey, Reece Willcox - PP : Ville Pokka - PK : Connor Mackey, Reece Willcox
Penalty Shots
Jordan LaVallee, Ilya Mikheyev, Adam Tambellini, Daniel O'regan, Henrik Borgstrom
Scratches
Filip Chytil (Healthy), Jean-Christophe Beaudin (Healthy), Lawrence Pilut (Healthy), Michael Mersch (Healthy), Radel Fazleev (Healthy)
Rudolfs Balcers (Healthy), Shane Gersich (Healthy), Yakov Trenin (Healthy), Joey Anderson (Healthy), Jonathan Dahlen (Healthy)
Givani Smith (Healthy), Danil Tarasov (Healthy)
% Time on Ice - Rampage
Lines # - Real PCT - Wanted PCT - Time Play
Normal Forward
1 - 35% - 40% - 15:41
2 - 26% - 30% - 11:37
3 - 23% - 20% - 10:20
4 - 16% - 10% - 7:14
Normal Defense
1 - 39% - 40% - 17:38
2 - 32% - 30% - 14:29
3 - 24% - 20% - 10:42
4 - 5% - 10% - 2:03
PP Forward
1 - 60% - 60% - 4:47
2 - 40% - 40% - 3:09
PP Defense
1 - 66% - 60% - 5:12
2 - 34% - 40% - 2:44
PK Forward
1 - 73% - 60% - 5:14
2 - 27% - 40% - 1:55
PK Defense
1 - 47% - 60% - 3:23
2 - 53% - 40% - 3:46
PK3 Forward
1 - 0% - 60%
2 - 0% - 40%
PK3 Defense
1 - 0% - 60%
2 - 0% - 40%
44 Forward
1 - 0% - 60%
2 - 0% - 40%
44 Defense
1 - 0% - 60%
2 - 0% - 40%
Last Minute Offensive - 0:03
Last Minute Defensive - 0:00
Total
Forward - 60:00
Defense - 60:00
|
% Time on Ice - Little Stars
Lines # - Real PCT - Wanted PCT - Time Play
Normal Forward
1 - 35% - 40% - 15:47
2 - 26% - 30% - 11:44
3 - 23% - 20% - 10:25
4 - 15% - 10% - 6:56
Normal Defense
1 - 37% - 40% - 16:34
2 - 34% - 30% - 15:15
3 - 23% - 20% - 10:32
4 - 6% - 10% - 2:31
PP Forward
1 - 47% - 60% - 3:23
2 - 53% - 40% - 3:46
PP Defense
1 - 54% - 60% - 3:53
2 - 46% - 40% - 3:16
PK Forward
1 - 78% - 60% - 6:10
2 - 22% - 40% - 1:46
PK Defense
1 - 70% - 60% - 5:33
2 - 30% - 40% - 2:23
PK3 Forward
1 - 0% - 60%
2 - 0% - 40%
PK3 Defense
1 - 0% - 60%
2 - 0% - 40%
44 Forward
1 - 0% - 60%
2 - 0% - 40%
44 Defense
1 - 0% - 60%
2 - 0% - 40%
Last Minute Offensive - 0:00
Last Minute Defensive - 0:03
Total
Forward - 60:00
Defense - 60:00
|
Play-by-Play
1st period
0:01 of 1st period - Daniel O'regan wins face-off versus Rourke Chartier in neutral zone.
0:35 of 1st period - Henrik Borgstrom is hit by Ethan Bear and loses puck.
0:46 of 1st period - Wrist shot by Adam Tambellini.
0:46 of 1st period - Shot Misses the Net.
1:51 of 1st period - Alex Belzile is hit by Dylan Sikura and loses puck.
1:58 of 1st period - Wrist shot by Henrik Borgstrom.
1:58 of 1st period - Stopped by Jake Oettinger with a rebound.
2:09 of 1st period - Off-side.
2:10 of 1st period - Anthony Richard wins face-off versus Jason Dickinson in neutral zone.
2:17 of 1st period - Wrist shot by Emil Bemstrom.
2:17 of 1st period - Stopped by Michael Houser without a rebound.
2:18 of 1st period - Rourke Chartier wins face-off versus Daniel O'regan in Little Stars zone.
3:36 of 1st period - Wrist shot by Matt Luff.
3:36 of 1st period - Deflect By Jason Dickinson.
3:36 of 1st period - Shot Blocked by Christian Dvorak.
3:36 of 1st period - Puck is out of play.
3:37 of 1st period - Daniel O'regan wins face-off versus Rourke Chartier in Rampage zone.
3:40 of 1st period - Snap shot by Jordan LaVallee.
3:40 of 1st period - Goal by Jordan LaVallee - Rampage : 0 - Little Stars : 1.
3:41 of 1st period - Daniel O'regan wins face-off versus Rourke Chartier in neutral zone.
4:08 of 1st period - Reece Willcox is hit by Dylan Blujus and loses puck.
4:17 of 1st period - Snap shot by Alex Belzile.
4:17 of 1st period - Deflect By Dylan Blujus.
4:17 of 1st period - Shot Misses the Net.
4:17 of 1st period - Puck is out of play.
4:18 of 1st period - Anthony Richard wins face-off versus Daniel O'regan in Rampage zone.
4:25 of 1st period - Slapshot by Connor Murphy.
4:25 of 1st period - Stopped by Michael Houser without a rebound.
4:26 of 1st period - Daniel O'regan wins face-off versus Anthony Richard in Little Stars zone.
4:26 of 1st period - Daniel O'regan is hit by Connor Murphy.
4:33 of 1st period - Snap shot by Emil Bemstrom.
4:33 of 1st period - Shot Misses the Net.
4:35 of 1st period - Snap shot by Pierre Engvall.
4:35 of 1st period - Shot Blocked by Reece Willcox.
4:37 of 1st period - Slapshot by Connor Murphy.
4:37 of 1st period - Shot Misses the Net.
4:51 of 1st period - Connor Murphy is hit by Alex Belzile and loses puck.
5:36 of 1st period - Slapshot by Christian Dvorak.
5:36 of 1st period - Stopped by Michael Houser with a rebound.
5:38 of 1st period - Slapshot by T.J. Tynan.
5:38 of 1st period - Shot Misses the Net.
5:40 of 1st period - Snap shot by Christian Dvorak.
5:40 of 1st period - Stopped by Michael Houser with a rebound.
5:42 of 1st period - Wrist shot by Christian Dvorak.
5:42 of 1st period - Shot Misses the Net.
5:44 of 1st period - Slapshot by Travis Sanheim.
5:44 of 1st period - Deflect By T.J. Tynan.
5:44 of 1st period - Shot Misses the Net.
5:44 of 1st period - Puck is out of play.
5:45 of 1st period - Rourke Chartier wins face-off versus Daniel O'regan in Little Stars zone.
5:46 of 1st period - Slapshot by Dominik Simon.
5:46 of 1st period - Shot Misses the Net.
6:31 of 1st period - Snap shot by Adam Tambellini.
6:31 of 1st period - Stopped by Jake Oettinger with a rebound.
6:52 of 1st period - Slapshot by Emile Poirier.
6:52 of 1st period - Stopped by Jake Oettinger without a rebound.
6:53 of 1st period - Roman Horak wins face-off versus Jean-Sebastien Dea in Rampage zone.
7:09 of 1st period - Snap shot by Emile Poirier.
7:09 of 1st period - Stopped by Jake Oettinger with a rebound.
7:19 of 1st period - Jordan LaVallee is hit by Travis Sanheim.
7:27 of 1st period - Snap shot by Jordan LaVallee.
7:27 of 1st period - Stopped by Jake Oettinger with a rebound.
7:51 of 1st period - Wrist shot by Christian Dvorak.
7:51 of 1st period - Stopped by Michael Houser without a rebound.
7:52 of 1st period - Rourke Chartier wins face-off versus Daniel O'regan in Little Stars zone.
9:00 of 1st period - Slapshot by Jordan LaVallee.
9:00 of 1st period - Shot Misses the Net.
9:08 of 1st period - Snap shot by Ilya Mikheyev.
9:08 of 1st period - Stopped by Jake Oettinger with a rebound.
9:10 of 1st period - Backhand shot by Reece Willcox.
9:10 of 1st period - Stopped by Jake Oettinger without a rebound.
9:11 of 1st period - Rourke Chartier wins face-off versus Henrik Borgstrom in Rampage zone.
9:18 of 1st period - Snap shot by Jordan Kyrou.
9:18 of 1st period - Stopped by Michael Houser without a rebound.
9:19 of 1st period - Henrik Borgstrom wins face-off versus Rourke Chartier in Little Stars zone.
9:26 of 1st period - Wrist shot by Henrik Borgstrom.
9:26 of 1st period - Shot Misses the Net.
9:28 of 1st period - Slapshot by Wiley Sherman.
9:28 of 1st period - Shot Misses the Net.
9:30 of 1st period - Wrist shot by Henrik Borgstrom.
9:30 of 1st period - Shot Blocked by Dominik Simon.
9:32 of 1st period - Snap shot by Henrik Borgstrom.
9:32 of 1st period - Stopped by Jake Oettinger without a rebound.
9:33 of 1st period - Daniel O'regan wins face-off versus Rourke Chartier in Rampage zone.
10:10 of 1st period - Snap shot by T.J. Tynan.
10:10 of 1st period - Shot Misses the Net.
10:22 of 1st period - Wrist shot by Adam Tambellini.
10:22 of 1st period - Stopped by Jake Oettinger with a rebound.
10:42 of 1st period - Ethan Bear is hit by Tucker Poolman and loses puck.
10:57 of 1st period - Slapshot by Connor Murphy.
10:57 of 1st period - Shot Blocked by Jordan LaVallee.
10:59 of 1st period - Backhand shot by Jean-Sebastien Dea.
10:59 of 1st period - Deflect By Ilya Mikheyev.
10:59 of 1st period - Stopped by Michael Houser without a rebound.
11:00 of 1st period - Matt Luff wins face-off versus Rourke Chartier in Little Stars zone.
11:58 of 1st period - Snap shot by Alex Belzile.
11:58 of 1st period - Shot Misses the Net.
12:12 of 1st period - Rourke Chartier is hit by Justin Auger and loses puck.
12:42 of 1st period - Snap shot by Jean-Sebastien Dea.
12:42 of 1st period - Deflect By Jason Dickinson.
12:42 of 1st period - Shot Blocked by Ville Pokka.
12:42 of 1st period - Puck is out of play.
12:43 of 1st period - Daniel O'regan wins face-off versus T.J. Tynan in Little Stars zone.
13:10 of 1st period - Wiley Sherman is hit by Connor Murphy and loses puck.
13:15 of 1st period - Snap shot by Jordan Kyrou.
13:15 of 1st period - Shot Misses the Net.
13:39 of 1st period - Snap shot by Joakim Nygard.
13:39 of 1st period - Stopped by Jake Oettinger with a rebound.
13:57 of 1st period - Snap shot by Jean-Sebastien Dea.
13:57 of 1st period - Shot Blocked by Reece Willcox.
13:59 of 1st period - Wrist shot by Jean-Sebastien Dea.
13:59 of 1st period - Shot Misses the Net.
14:01 of 1st period - Slapshot by Ethan Bear.
14:01 of 1st period - Shot Misses the Net.
14:58 of 1st period - Collin Miller is hit by Matt Luff and loses puck.
15:20 of 1st period - Icing by Connor Murphy.
15:21 of 1st period - Daniel O'regan wins face-off versus Pierre-Luc Dubois in Rampage zone.
15:43 of 1st period - Off-side.
15:44 of 1st period - Alex Belzile wins face-off versus Rourke Chartier in neutral zone.
16:09 of 1st period - Henrik Borgstrom is hit by Pierre Engvall and loses puck.
16:26 of 1st period - Slapshot by Adam Tambellini.
16:26 of 1st period - Stopped by Jake Oettinger without a rebound.
16:27 of 1st period - Daniel O'regan wins face-off versus Rourke Chartier in Rampage zone.
17:11 of 1st period - Snap shot by Roman Horak.
17:11 of 1st period - Deflect By Pierre Engvall.
17:11 of 1st period - Shot Blocked by Pierre Engvall.
17:11 of 1st period - Puck is out of play.
17:12 of 1st period - Anthony Richard wins face-off versus Roman Horak in Rampage zone.
17:23 of 1st period - Snap shot by Anthony Richard.
17:23 of 1st period - Shot Misses the Net.
17:44 of 1st period - Ethan Bear is hit by Ilya Mikheyev and loses puck.
17:57 of 1st period - Wrist shot by T.J. Tynan.
17:57 of 1st period - Shot Blocked by Tucker Poolman.
17:59 of 1st period - Wrist shot by T.J. Tynan.
17:59 of 1st period - Goal by T.J. Tynan - Rampage : 1 - Little Stars : 1.
18:00 of 1st period - Dominik Simon wins face-off versus Ilya Mikheyev in neutral zone.
18:09 of 1st period - Slapshot by Ilya Mikheyev.
18:09 of 1st period - Stopped by Jake Oettinger without a rebound.
18:10 of 1st period - Rourke Chartier wins face-off versus Daniel O'regan in Rampage zone.
18:41 of 1st period - Wrist shot by Rourke Chartier.
18:41 of 1st period - Stopped by Michael Houser with a rebound.
19:45 of 1st period - Wrist shot by Dominik Simon.
19:45 of 1st period - Shot Blocked by Eric Knodel.
Goals for this period are 1 for Rampage vs 1 for Little Stars.
Shots for this period are 9 for Rampage vs 13 for Little Stars.
2nd period
0:01 of 2nd period - Henrik Borgstrom wins face-off versus T.J. Tynan in neutral zone.
0:03 of 2nd period - Off-side.
0:04 of 2nd period - T.J. Tynan wins face-off versus Henrik Borgstrom in neutral zone.
0:14 of 2nd period - Alex Belzile is hit by T.J. Tynan and loses puck.
0:37 of 2nd period - Snap shot by Anthony Richard.
0:37 of 2nd period - Stopped by Michael Houser with a rebound.
0:39 of 2nd period - Snap shot by Travis Sanheim.
0:39 of 2nd period - Stopped by Michael Houser with a rebound.
0:41 of 2nd period - Wrist shot by Pierre Engvall.
0:41 of 2nd period - Shot Misses the Net.
0:53 of 2nd period - Snap shot by Jason Dickinson.
0:53 of 2nd period - Shot Hit the Post.
1:34 of 2nd period - Christian Dvorak is hit by Roman Horak and loses puck.
1:51 of 2nd period - Pierre Engvall is hit by Ville Pokka and loses puck.
2:26 of 2nd period - Backhand shot by Alex Belzile.
2:26 of 2nd period - Stopped by Jake Oettinger without a rebound.
2:27 of 2nd period - Christian Dvorak wins face-off versus Roman Horak in Rampage zone.
3:17 of 2nd period - Wrist shot by Jordan LaVallee.
3:17 of 2nd period - Shot Misses the Net.
3:26 of 2nd period - Minor Penalty to Daniel O'regan for Interference.
3:27 of 2nd period - Rourke Chartier wins face-off versus Jordan LaVallee in Little Stars zone.
4:02 of 2nd period - Snap shot by Artturi Lehkonen.
4:02 of 2nd period - Shot Misses the Net.
4:14 of 2nd period - Adam Tambellini is hit by Dominik Simon.
5:26 of 2nd period - Penalty to Daniel O'regan is over, Daniel O'regan is back on ice.
5:33 of 2nd period - Snap shot by Jason Dickinson.
5:33 of 2nd period - Deflect By Joakim Nygard.
5:33 of 2nd period - Shot Blocked by Dylan Blujus.
5:33 of 2nd period - Puck is out of play.
5:34 of 2nd period - Anthony Richard wins face-off versus Jason Dickinson in Rampage zone.
5:58 of 2nd period - Snap shot by Roman Horak.
5:58 of 2nd period - Stopped by Jake Oettinger with a rebound.
6:04 of 2nd period - Artturi Lehkonen is hit by Ville Pokka and loses puck.
6:17 of 2nd period - Backhand shot by Alex Belzile.
6:17 of 2nd period - Stopped by Jake Oettinger without a rebound.
6:18 of 2nd period - Henrik Borgstrom wins face-off versus T.J. Tynan in Rampage zone.
6:21 of 2nd period - Snap shot by Adam Tambellini.
6:21 of 2nd period - Stopped by Jake Oettinger without a rebound.
6:22 of 2nd period - Christian Dvorak wins face-off versus Daniel O'regan in Rampage zone.
6:22 of 2nd period - Christian Dvorak is hit by Eric Knodel.
6:36 of 2nd period - Off-side.
6:37 of 2nd period - Jordan Kyrou wins face-off versus Henrik Borgstrom in neutral zone.
6:44 of 2nd period - Backhand shot by Rourke Chartier.
6:44 of 2nd period - Shot Misses the Net.
6:46 of 2nd period - Wrist shot by Rourke Chartier.
6:46 of 2nd period - Stopped by Michael Houser with a rebound.
6:48 of 2nd period - Slapshot by Travis Sanheim.
6:48 of 2nd period - Stopped by Michael Houser without a rebound.
6:49 of 2nd period - T.J. Tynan wins face-off versus Daniel O'regan in Little Stars zone.
6:50 of 2nd period - Slapshot by Dylan Sikura.
6:50 of 2nd period - Shot Misses the Net.
6:52 of 2nd period - Slapshot by Christian Dvorak.
6:52 of 2nd period - Deflect By Dylan Sikura.
6:52 of 2nd period - Stopped by Michael Houser with a rebound.
6:54 of 2nd period - Snap shot by Christian Dvorak.
6:54 of 2nd period - Stopped by Michael Houser with a rebound.
6:56 of 2nd period - Snap shot by Christian Dvorak.
6:56 of 2nd period - Stopped by Michael Houser with a rebound.
6:58 of 2nd period - Snap shot by T.J. Tynan.
6:58 of 2nd period - Stopped by Michael Houser with a rebound.
7:00 of 2nd period - Slapshot by Travis Sanheim.
7:00 of 2nd period - Shot Blocked by Eric Knodel.
7:02 of 2nd period - Backhand shot by Christian Dvorak.
7:02 of 2nd period - Stopped by Michael Houser with a rebound.
7:04 of 2nd period - Slapshot by Travis Sanheim.
7:04 of 2nd period - Shot Blocked by Ilya Mikheyev.
7:10 of 2nd period - Penalty Shot by Wiley Sherman for Little Stars.
7:10 of 2nd period - Wrist shot by Wiley Sherman.
7:10 of 2nd period - Shot Misses the Net.
7:11 of 2nd period - Henrik Borgstrom wins face-off versus Rourke Chartier in Little Stars zone.
7:18 of 2nd period - Slapshot by Dominik Simon.
7:18 of 2nd period - Shot Blocked by Reece Willcox.
7:20 of 2nd period - Wrist shot by Dominik Simon.
7:20 of 2nd period - Stopped by Michael Houser with a rebound.
8:24 of 2nd period - Rourke Chartier is hit by Emile Poirier and loses puck.
8:31 of 2nd period - Snap shot by Roman Horak.
8:31 of 2nd period - Stopped by Jake Oettinger without a rebound.
8:32 of 2nd period - Henrik Borgstrom wins face-off versus T.J. Tynan in Rampage zone.
8:37 of 2nd period - Snap shot by Alex Belzile.
8:37 of 2nd period - Shot Misses the Net.
8:43 of 2nd period - Wrist shot by Henrik Borgstrom.
8:43 of 2nd period - Goal by Henrik Borgstrom - Rampage : 1 - Little Stars : 2.
8:44 of 2nd period - Ilya Mikheyev wins face-off versus T.J. Tynan in neutral zone.
8:48 of 2nd period - Minor Penalty to Ethan Bear for Hooking.
8:49 of 2nd period - T.J. Tynan wins face-off versus Daniel O'regan in Rampage zone.
8:57 of 2nd period - Snap shot by Wiley Sherman.
8:57 of 2nd period - Stopped by Jake Oettinger with a rebound.
9:03 of 2nd period - Daniel O'regan is hit by T.J. Tynan and loses puck.
10:22 of 2nd period - Snap shot by Connor Murphy.
10:22 of 2nd period - Stopped by Michael Houser without a rebound.
10:23 of 2nd period - Anthony Richard wins face-off versus Henrik Borgstrom in Little Stars zone.
10:48 of 2nd period - Penalty to Ethan Bear is over, Ethan Bear is back on ice.
10:58 of 2nd period - Snap shot by Ethan Bear.
10:58 of 2nd period - Shot Misses the Net.
11:00 of 2nd period - Backhand shot by Connor Murphy.
11:00 of 2nd period - Shot Misses the Net.
11:02 of 2nd period - Snap shot by Jordan Kyrou.
11:02 of 2nd period - Goal by Jordan Kyrou - Rampage : 2 - Little Stars : 2.
11:03 of 2nd period - Daniel O'regan wins face-off versus Rourke Chartier in neutral zone.
11:08 of 2nd period - Jordan LaVallee is hit by Travis Sanheim and loses puck.
11:32 of 2nd period - Off-side.
11:33 of 2nd period - Henrik Borgstrom wins face-off versus T.J. Tynan in neutral zone.
11:35 of 2nd period - Off-side.
11:36 of 2nd period - T.J. Tynan wins face-off versus Henrik Borgstrom in neutral zone.
11:54 of 2nd period - Slapshot by Dylan Sikura.
11:54 of 2nd period - Shot Blocked by Alex Belzile.
11:56 of 2nd period - Wrist shot by Dylan Sikura.
11:56 of 2nd period - Stopped by Michael Houser with a rebound.
11:58 of 2nd period - Snap shot by T.J. Tynan.
11:58 of 2nd period - Stopped by Michael Houser without a rebound.
11:59 of 2nd period - Daniel O'regan wins face-off versus Rourke Chartier in Little Stars zone.
12:10 of 2nd period - Jordan Kyrou is hit by Jordan LaVallee and loses puck.
12:15 of 2nd period - Wrist shot by Jordan LaVallee.
12:15 of 2nd period - Deflect By Daniel O'regan.
12:15 of 2nd period - Shot Misses the Net.
12:15 of 2nd period - Puck is out of play.
12:16 of 2nd period - T.J. Tynan wins face-off versus Henrik Borgstrom in Rampage zone.
12:23 of 2nd period - Snap shot by Travis Sanheim.
12:23 of 2nd period - Shot Misses the Net.
12:25 of 2nd period - Slapshot by Ethan Bear.
12:25 of 2nd period - Stopped by Michael Houser with a rebound.
12:27 of 2nd period - Slapshot by Dylan Sikura.
12:27 of 2nd period - Shot Misses the Net.
12:29 of 2nd period - Slapshot by Christian Dvorak.
12:29 of 2nd period - Stopped by Michael Houser with a rebound.
12:31 of 2nd period - Slapshot by Ethan Bear.
12:31 of 2nd period - Stopped by Michael Houser with a rebound.
12:37 of 2nd period - Minor Penalty to Eric Knodel for Slashing.
12:38 of 2nd period - Rourke Chartier wins face-off versus Jordan LaVallee in Little Stars zone.
13:59 of 2nd period - Connor Mackey is hit by Travis Sanheim and loses puck.
14:06 of 2nd period - Jordan Kyrou is hit by Ilya Mikheyev and loses puck.
14:37 of 2nd period - Penalty to Eric Knodel is over, Eric Knodel is back on ice.
15:51 of 2nd period - Jean-Sebastien Dea is hit by Ville Pokka and loses puck.
16:33 of 2nd period - Reece Willcox is hit by Jordan Kyrou and loses puck.
17:25 of 2nd period - Dylan Sikura is hit by Daniel O'regan and loses puck.
17:26 of 2nd period - Dylan Sikura from Rampage is injured at 17:26 of 2nd period (Bruised Left Shoulder).
17:27 of 2nd period - Daniel O'regan wins face-off versus Rourke Chartier in Rampage zone.
17:32 of 2nd period - Wrist shot by Jordan LaVallee.
17:32 of 2nd period - Shot Misses the Net.
17:58 of 2nd period - Slapshot by Artturi Lehkonen.
17:58 of 2nd period - Shot Blocked by Eric Knodel.
18:00 of 2nd period - Snap shot by Jean-Sebastien Dea.
18:00 of 2nd period - Shot Misses the Net.
18:02 of 2nd period - Wrist shot by Artturi Lehkonen.
18:02 of 2nd period - Stopped by Michael Houser without a rebound.
18:03 of 2nd period - Henrik Borgstrom wins face-off versus Rourke Chartier in Little Stars zone.
18:08 of 2nd period - Snap shot by Rourke Chartier.
18:08 of 2nd period - Stopped by Michael Houser without a rebound.
18:09 of 2nd period - Rourke Chartier wins face-off versus Henrik Borgstrom in Little Stars zone.
18:16 of 2nd period - Slapshot by Travis Sanheim.
18:16 of 2nd period - Stopped by Michael Houser with a rebound.
18:18 of 2nd period - Slapshot by Jordan Kyrou.
18:18 of 2nd period - Shot Blocked by Ville Pokka.
18:20 of 2nd period - Snap shot by Rourke Chartier.
18:20 of 2nd period - Shot Blocked by Henrik Borgstrom.
18:22 of 2nd period - Slapshot by Travis Sanheim.
18:22 of 2nd period - Shot Misses the Net.
18:37 of 2nd period - Slapshot by Jordan LaVallee.
18:37 of 2nd period - Shot Misses the Net.
19:10 of 2nd period - Minor Penalty to Matt Luff for Hooking.
19:11 of 2nd period - Ilya Mikheyev wins face-off versus Dominik Simon in Little Stars zone.
19:44 of 2nd period - Snap shot by Christian Dvorak.
19:44 of 2nd period - Shot Misses the Net.
19:46 of 2nd period - Snap shot by Artturi Lehkonen.
19:46 of 2nd period - Stopped by Michael Houser without a rebound.
19:47 of 2nd period - Adam Tambellini wins face-off versus Dominik Simon in Little Stars zone.
Goals for this period are 1 for Rampage vs 1 for Little Stars.
Shots for this period are 21 for Rampage vs 7 for Little Stars.
3rd period
0:01 of 3rd period - Jordan LaVallee wins face-off versus Rourke Chartier in neutral zone.
0:04 of 3rd period - Slapshot by Ilya Mikheyev.
0:04 of 3rd period - Stopped by Jake Oettinger with a rebound.
0:06 of 3rd period - Snap shot by Jordan LaVallee.
0:06 of 3rd period - Shot Misses the Net.
0:08 of 3rd period - Snap shot by Eric Knodel.
0:08 of 3rd period - Stopped by Jake Oettinger without a rebound.
0:09 of 3rd period - Rourke Chartier wins face-off versus Jordan LaVallee in Rampage zone.
0:14 of 3rd period - Snap shot by Jordan Kyrou.
0:14 of 3rd period - Stopped by Michael Houser with a rebound.
0:50 of 3rd period - Slapshot by Travis Sanheim.
0:50 of 3rd period - Shot Misses the Net.
0:52 of 3rd period - Snap shot by Jordan Kyrou.
0:52 of 3rd period - Stopped by Michael Houser with a rebound.
0:54 of 3rd period - Wrist shot by Jordan Kyrou.
0:54 of 3rd period - Stopped by Michael Houser with a rebound.
1:10 of 3rd period - Penalty to Matt Luff is over, Matt Luff is back on ice.
1:20 of 3rd period - Snap shot by Rourke Chartier.
1:20 of 3rd period - Goal by Rourke Chartier - Rampage : 3 - Little Stars : 2.
1:21 of 3rd period - T.J. Tynan wins face-off versus Henrik Borgstrom in neutral zone.
1:27 of 3rd period - Off-side.
1:28 of 3rd period - T.J. Tynan wins face-off versus Henrik Borgstrom in neutral zone.
2:08 of 3rd period - Minor Penalty to Matt Luff for Roughing.
2:09 of 3rd period - Jordan LaVallee wins face-off versus Rourke Chartier in Little Stars zone.
2:34 of 3rd period - Christian Dvorak is hit by Adam Tambellini and loses puck.
4:08 of 3rd period - Penalty to Matt Luff is over, Matt Luff is back on ice.
4:53 of 3rd period - Collin Miller is hit by Henrik Borgstrom and loses puck.
5:17 of 3rd period - Emil Bemstrom is hit by Matt Luff and loses puck.
5:28 of 3rd period - Reece Willcox is hit by Artturi Lehkonen.
5:57 of 3rd period - Snap shot by Daniel O'regan.
5:57 of 3rd period - Shot Hit the Post.
6:25 of 3rd period - Pierre-Luc Dubois is hit by Henrik Borgstrom.
6:29 of 3rd period - Eric Knodel is hit by Jean-Sebastien Dea.
6:48 of 3rd period - Slapshot by Wiley Sherman.
6:48 of 3rd period - Stopped by Jake Oettinger without a rebound.
6:49 of 3rd period - T.J. Tynan wins face-off versus Roman Horak in Rampage zone.
8:46 of 3rd period - Snap shot by Joakim Nygard.
8:46 of 3rd period - Shot Blocked by Jordan Kyrou.
8:52 of 3rd period - Wrist shot by Matt Luff.
8:52 of 3rd period - Shot Blocked by Dominik Simon.
8:54 of 3rd period - Snap shot by Joakim Nygard.
8:54 of 3rd period - Stopped by Jake Oettinger without a rebound.
8:55 of 3rd period - T.J. Tynan wins face-off versus Daniel O'regan in Rampage zone.
9:29 of 3rd period - Minor Penalty to Pierre-Luc Dubois for Holding.
9:30 of 3rd period - Henrik Borgstrom wins face-off versus T.J. Tynan in Rampage zone.
9:31 of 3rd period - Snap shot by Adam Tambellini.
9:31 of 3rd period - Shot Blocked by Dylan Blujus.
9:55 of 3rd period - Pierre Engvall is hit by Jordan LaVallee and loses puck.
10:10 of 3rd period - Slapshot by Alex Belzile.
10:10 of 3rd period - Stopped by Jake Oettinger with a rebound.
11:29 of 3rd period - Penalty to Pierre-Luc Dubois is over, Pierre-Luc Dubois is back on ice.
11:41 of 3rd period - Slapshot by Dylan Blujus.
11:41 of 3rd period - Shot Blocked by Wiley Sherman.
11:43 of 3rd period - Slapshot by Travis Sanheim.
11:43 of 3rd period - Stopped by Michael Houser without a rebound.
11:44 of 3rd period - Jason Dickinson wins face-off versus Rourke Chartier in Little Stars zone.
11:44 of 3rd period - Jason Dickinson is hit by Rourke Chartier.
11:59 of 3rd period - Minor Penalty to Ethan Bear for Cross-checking.
12:00 of 3rd period - T.J. Tynan wins face-off versus Daniel O'regan in Rampage zone.
12:16 of 3rd period - Slapshot by Reece Willcox.
12:16 of 3rd period - Stopped by Jake Oettinger with a rebound.
12:52 of 3rd period - T.J. Tynan is hit by Eric Knodel and loses puck.
13:41 of 3rd period - Tucker Poolman is hit by Christian Dvorak and loses puck.
13:59 of 3rd period - Penalty to Ethan Bear is over, Ethan Bear is back on ice.
14:04 of 3rd period - Snap shot by Joakim Nygard.
14:04 of 3rd period - Stopped by Jake Oettinger with a rebound.
14:06 of 3rd period - Snap shot by Ville Pokka.
14:06 of 3rd period - Shot Misses the Net.
14:32 of 3rd period - Slapshot by Roman Horak.
14:32 of 3rd period - Stopped by Jake Oettinger without a rebound.
14:33 of 3rd period - Jason Dickinson wins face-off versus Anthony Richard in Rampage zone.
14:44 of 3rd period - Joakim Nygard is hit by Travis Sanheim and loses puck.
15:12 of 3rd period - Wiley Sherman is hit by T.J. Tynan and loses puck.
16:32 of 3rd period - Snap shot by Adam Tambellini.
16:32 of 3rd period - Stopped by Jake Oettinger without a rebound.
16:33 of 3rd period - Alex Belzile wins face-off versus Rourke Chartier in Rampage zone.
16:58 of 3rd period - Anthony Richard is hit by Jason Dickinson and loses puck.
17:32 of 3rd period - Slapshot by Anthony Richard.
17:32 of 3rd period - Shot Misses the Net.
17:49 of 3rd period - Snap shot by Jordan LaVallee.
17:49 of 3rd period - Shot Misses the Net.
17:51 of 3rd period - Wrist shot by Daniel O'regan.
17:51 of 3rd period - Goal by Daniel O'regan - Rampage : 3 - Little Stars : 3.
17:52 of 3rd period - Rourke Chartier wins face-off versus Jason Dickinson in neutral zone.
18:01 of 3rd period - Slapshot by Jordan Kyrou.
18:01 of 3rd period - Deflect By Rourke Chartier.
18:01 of 3rd period - Stopped by Michael Houser without a rebound.
18:02 of 3rd period - Jason Dickinson wins face-off versus Rourke Chartier in Little Stars zone.
18:24 of 3rd period - Slapshot by Jason Dickinson.
18:24 of 3rd period - Deflect By Joakim Nygard.
18:24 of 3rd period - Shot Blocked by Dylan Blujus.
18:24 of 3rd period - Puck is out of play.
18:25 of 3rd period - Anthony Richard wins face-off versus Daniel O'regan in Rampage zone.
18:32 of 3rd period - Snap shot by Daniel O'regan.
18:32 of 3rd period - Stopped by Jake Oettinger without a rebound.
18:33 of 3rd period - Anthony Richard wins face-off versus Daniel O'regan in Rampage zone.
18:42 of 3rd period - Snap shot by Ilya Mikheyev.
18:42 of 3rd period - Shot Blocked by Travis Sanheim.
18:44 of 3rd period - Snap shot by Ilya Mikheyev.
18:44 of 3rd period - Goal by Ilya Mikheyev - Rampage : 3 - Little Stars : 4.
18:45 of 3rd period - Rourke Chartier wins face-off versus Daniel O'regan in neutral zone.
18:47 of 3rd period - Minor Penalty to Ethan Bear for Interference.
18:48 of 3rd period - T.J. Tynan wins face-off versus Daniel O'regan in Rampage zone.
Goals for this period are 1 for Rampage vs 2 for Little Stars.
Shots for this period are 6 for Rampage vs 12 for Little Stars.